 Dungeon Crawl Stone Soup version 0.28.0-53-g5a82cb258f (webtiles) character file.

Game seed: 2166675360199677461

1058 unlimited1921 the Magician (level 8, 0/51 HPs)
             Began as a Djinni Fire Elementalist on July 2, 2022.
             Was an Initiate of Gozag.
             Slain by Edmund
             ... wielding a +0 flail of protection
              (9 damage)
             ... on level 5 of the Dungeon.
             The game lasted 00:18:13 (9038 turns).

unlimited1921 the Magician (DjFE)                   Turns: 9038, Time: 00:18:15

Health: 0/51       AC:  4    Str:  7    XL:     8   Next: 51%
Gold:   193        EV: 12    Int: 23    God:    Gozag SH:  0 Dex: 13

rFire   + + +      SeeInvis .   u - +7 hand axe "Ryiwehu" {venom, rPois Int+3}
rCold   x . .      Faith    .   (no shield)
rNeg    + . .      Spirit   .   a - +0 robe
rPois   ∞          Reflect  .   m - +0 helmet
rElec   .          Harm     .   (no cloak)
rCorr   .          Rampage  .   g - +0 pair of gloves
Will    .....                   (boots unavailable)
Stlth   ++........              (no amulet)
HPRegen 0.17/turn               t - ring of protection from fire
MPRegen 0.00/turn               v - ring of positive energy

@: flying
A: sickness immunity, fire resistance 2, cold vulnerability 1, float, innate
caster, HP casting, extra vitality 1
a: Renounce Religion, Potion Petition, Call Merchant, Bribe Branch


You were on level 5 of the Dungeon.
You worshipped Gozag.
Gozag was aware of your devotion.
You visited 2 branches of the dungeon, and saw 6 of its levels.

You collected 268 gold pieces.
You paid 75 gold pieces to Gozag.

Inventory:

Hand Weapons
 u - the +7 hand axe "Ryiwehu" (weapon) {venom, rPois Int+3}
   (You found it on level 4 of the Dungeon)

   It poisons the flesh of those it strikes.
   Int:       It affects your intelligence (+3).
   rPois:     It protects you from poison.
Missiles
 f - 97 stones
 q - 43 bolts
 w - 3 poisoned darts
Armour
 a - a +0 robe (worn)
 b - a +0 leather armour
 g - a +0 pair of gloves (worn)
 m - a +0 helmet (worn)
Jewellery
 t - a ring of protection from fire (left hand)
 v - a ring of positive energy (right hand)
Wands
 s - a wand of iceblast (12)
Scrolls
 c - a scroll of fog {unknown}
 e - 3 scrolls of enchant armour {unknown}
 j - 3 scrolls of teleportation {unknown}
 k - 4 scrolls of identify {unknown}
 o - a scroll of magic mapping {unknown}
 p - a scroll of blinking {unknown}
Potions
 d - a potion of might {unknown}
 i - a potion of brilliance {unknown}
 l - 2 potions of flight {unknown}
 n - a potion of heal wounds
 r - a potion of curing {unknown}
 x - 2 potions of mutation {unknown}


   Skills:
 + Level 0.8 Fighting
 + Level 1.2 Axes
 + Level 2.9 Dodging
 + Level 3.6 Stealth
 + Level 6.7 Spellcasting


You had one spell level left.
You knew the following spells:

 Your Spells              Type           Power      Damage    Failure   Level
a - Foxfire               Conj/Fire      100%       2x1d9     1%          1
b - Scorch                Fire           76%        2d8       1%          2
c - Conjure Flame         Conj/Fire      38%        6-21      1%          3
d - Inner Flame           Hex/Fire       38%        N/A       1%          3
e - Flame Wave            Conj/Fire      38%        2d9       4%          4
f - Magic Dart            Conj           100%       1d8       1%          1
g - Corpse Rot            Necr/Air       76%        N/A       1%          2
h - Swiftness             Air            38%        N/A       1%          3
Your spell library was empty.

Dungeon Overview and Level Annotations

Branches:
Dungeon (5/15)             Temple (1/1) D:5

Altars:
Ashenzari
Cheibriados
Dithmenos
Fedhas
Gozag
Hepliaklqana
Kikubaaqudgha
Nemelex Xobeh
Okawaru
Qazlal
Ru
Sif Muna
Trog
Uskayaw
Vehumet
Wu Jian
Zin
The Shining One

Annotations:
D:5 Edmund


Innate Abilities, Weirdness & Mutations

You are immune to sickness and miasma.
You are immune to poison.
Your flesh is very heat resistant. (rF++)
You are vulnerable to cold. (rC-)
You float through the air rather than walking.
You learn spells naturally, not from books.
Your magical power is your life essence.
You have superior vitality. (+4 MHP)


Message History

* * * LOW HITPOINT WARNING * * *
You feel much better.
Edmund says, "You wouldn't believe how much I paid for this flail."
Edmund hits you with a +0 flail of protection!
You barely miss Edmund.
Edmund is moderately wounded.
Edmund completely misses you.
You slash Edmund!
Edmund is poisoned.
Edmund is heavily wounded.
Edmund closely misses you.
Edmund mutters, "Who needs spells, anyway?"
Edmund hits you with a +0 flail of protection!
You are too injured to fight recklessly!
Casting: Swiftness (safe; 1% risk of failure)
Confirm with . or Enter, or press ? or * to list all spells.
Flames lash Edmund but do no damage.
Edmund hits you with a +0 flail of protection.
Casting: Scorch (safe; 1% risk of failure)
Confirm with . or Enter, or press ? or * to list all spells.
Flames lash Edmund.
Edmund resists.
Edmund is heavily wounded.
Edmund's fire resistance burns away.
* * * LOW HITPOINT WARNING * * *
Edmund asks, "Have you met my wondrous brother?"
Edmund hits you with a +0 flail of protection.
* * * LOW HITPOINT WARNING * * *
Casting: Scorch (safe; 1% risk of failure)
Confirm with . or Enter, or press ? or * to list all spells.
Flames lash Edmund.
Edmund is almost dead.
* * * LOW HITPOINT WARNING * * *
Edmund misses you.
Casting: Scorch (safe; 1% risk of failure)
Confirm with . or Enter, or press ? or * to list all spells.
Flames lash Edmund.
Edmund is almost dead.
* * * LOW HITPOINT WARNING * * *
Edmund hits you with a +0 flail of protection!
You die...
Your body crumbles into a pile of gold.

#.####### #.####.# #.#
#.# #.# #.# #.# #.# #.#
#.####.# #.# #.......
#.# ######.# #.# #.#
#@# #.# #@##### #>#
#.....# #.# #####.# #..
#.# #.. ### ##.## #.#
##.######...# #.#
#...........#########.#
#.#####..............#
#.# ##.##########..#


You could see Edmund (poisoned, combustible).

Vanquished Creatures
  Sigmund (D:5)
  Pargi (D:3)
  A black bear (D:5)
  An ogre (D:5)
  A phantom (D:5)
  A wyvern skeleton (D:4)
  A water moccasin skeleton (D:5)
  An orc priest (D:3)
  A jelly (D:4)
  3 hounds (D:5)
  An iguana (D:4)
  2 orc wizards (D:5)
  7 gnolls (D:4)
  9 adders
  A worm (D:2)
  2 dart slugs (D:4)
  6 orcs
  5 ball pythons
  3 bats
  An endoplasm (D:4)
  3 giant cockroaches (D:1)
  7 goblins
  8 hobgoblins
  2 jackals (D:4)
  9 kobolds
  A quokka (D:4)
  3 frilled lizards
  3 rats
85 creatures vanquished.

Vanquished Creatures (others)
  150 foxfires
  3 plants
  4 withered plants (D:1)
157 creatures vanquished.

Grand Total: 242 creatures vanquished

Notes
Turn   | Place    | Note
-------+----------+-------------------------------------------
     0 | D:1      | unlimited1921 the Djinni Fire Elementalist began the quest
                  | for the Orb.
     0 | D:1      | Reached XP level 1. HP: 15/15 MP: 0/0
   933 | D:1      | Reached XP level 2. HP: 16/21 MP: 0/0
  1232 | D:1      | Found a faded altar of an unknown god.
  2221 | D:1      | You are sucked into a shaft and drop 1 floor!
  2465 | D:2      | Reached skill level 3 in Spellcasting
  2465 | D:2      | Reached XP level 3. HP: 20/25 MP: 0/0
  2465 | D:2      | Learned a level 1 spell: Magic Dart
  3983 | D:1      | Reached XP level 4. HP: 20/31 MP: 0/0
  4318 | D:3      | Noticed Pargi
  4321 | D:3      | Killed Pargi
  4322 | D:3      | Reached skill level 4 in Spellcasting
  4322 | D:3      | Reached XP level 5. HP: 18/35 MP: 0/0
  4322 | D:3      | Learned a level 2 spell: Corpse Rot
  4895 | D:3      | Found a blossoming altar of Fedhas.
  4907 | D:3      | Reached XP level 6. HP: 22/40 MP: 0/0
  5673 | D:4      | Identified the +7 hand axe "Ryiwehu" {venom, rPois Int+3}
  6091 | D:4      | Reached skill level 5 in Spellcasting
  6967 | D:4      | Reached XP level 7. HP: 40/45 MP: 0/0
  6967 | D:4      | Learned a level 3 spell: Swiftness
  7647 | D:4      | Found a hide-covered altar of Uskayaw.
  7826 | D:5      | Entered Level 5 of the Dungeon
  7928 | D:5      | Found a staircase to the Ecumenical Temple.
  8072 | Temple   | Entered the Ecumenical Temple
  8173 | Temple   | Became a worshipper of Gozag Ym Sagoz the Greedy
  8225 | D:5      | Noticed Sigmund
  8230 | D:5      | Killed Sigmund
  8231 | D:5      | Reached skill level 6 in Spellcasting
  8231 | D:5      | Reached XP level 8. HP: 37/50 MP: 0/0
  8908 | D:5      | Reached skill level 1 in Axes
  8989 | D:5      | Noticed Edmund
  9038 | D:5      | Slain by Edmund

Illustrated notes

Levels and vault maps discovered:
D:1:      zelgadis_glass_arrival_small, layout_basic,
          shapermc_ecumenical_altar_flowoftime
D:2:      layout_loops_corners, nrook_loot_triangle
D:3:      layout_basic, fedhas_altar_1, uniq_pargi
D:4:      layout_cave_pods, amcnicky_altar_gilded,
          eat_drink_and_be_merry_uskayaw, minmay_quantized
D:5:      cheibrodos_helix_gallery, layout_loops_ring,
          minmay_temple_entry_statues_pillars, uniq_sigmund, uniq_edmund
Temple:   regret_index_temple_waves

Skill      XL: |  1  2  3  4  5  6  7  8 |
---------------+-------------------------+-----
Spellcasting   | 3 4 5 6 |  6.7
Stealth        | 2 3 |  3.6
Axes           | 1 |  1.2
Fighting       | |  0.8
Dodging        | |  2.9

Action                   |  1- 3 |  4- 6 |  7- 9 || total
-------------------------+-------+-------+-------++-------
Melee: Quarterstaff      |       |    22 |       ||    22
       Hand axe          |       |     3 |    34 ||    37
 Cast: Foxfire           |    55 |    33 |     8 ||    96
       Magic Dart        |     9 |    20 |     7 ||    36
       Scorch            |     3 |    10 |    20 ||    33
       Inner Flame       |       |    12 |    10 ||    22
       Corpse Rot        |       |     1 |       ||     1
       Swiftness         |       |       |     1 ||     1
  Use: Potion            |       |       |     1 ||     1
 Stab: Sleeping          |       |       |     1 ||     1
Armor: Robe              |       |       |     7 ||     7
Dodge: Dodged            |     3 |     4 |    29 ||    36
